 Dungeon Crawl Stone Soup version 0.30.1 (webtiles) character file.

Game seed: 3700030332625217850

2 7w4c the Caller (level 1, -1/13 HPs)
             Began as a Merfolk Summoner on July 12, 2023.
             Slain by a goblin
             ... wielding a +2 dagger of venom
              (2 damage)
             ... on level 1 of the Dungeon.
             The game lasted 00:00:21 (265 turns).

7w4c the Caller (Merfolk Summoner)                   Turns: 265, Time: 00:00:22

Health: -1/13      AC:  2    Str:  8    XL:     1   Next: 30%
Magic:  0/3        EV: 12    Int: 14    God:
Gold:   52         SH:  0    Dex: 14    Spells: 3/4 levels left

rFire   . . .        (no weapon)
rCold   . . .        (no shield)
rNeg    . . .        a - +0 robe
rPois   .            (no helmet)
rElec   .            (no cloak)
rCorr   .            (no gloves)
SInv    .            (no boots)
Will    .....        (no amulet)
Stlth   ++           (no ring)
HPRegen 0.22/turn    (no ring)
MPRegen 0.08/turn

%: no passive effects
@: lethally poisoned (-1 -> -6)
A: (nimble swimmer 2), mertail
a: no special abilities


You were on level 1 of the Dungeon.
You visited 1 branch of the dungeon, and saw 1 of its levels.

You collected 52 gold pieces.

Inventory:

Armour
 a - a +0 robe (worn)
Jewellery
 c - a +6 ring of strength
Scrolls
 d - a scroll of identify {unknown}
Potions
 b - a potion of magic
 e - a potion of degeneration {unknown}


   Skills:
 + Level 2.7 Dodging
 + Level 2.2 Stealth
 + Level 2.0 Spellcasting
 + Level 4.1 Summonings


You had 3 spell levels left.
You knew the following spells:

 Your Spells              Type           Power      Damage    Failure   Level
a - Summon Small Mammal   Summ           48%        N/A       4%          1

Your spell library contained the following spells:

 Spells                   Type           Power      Damage    Failure   Level
 Call Imp                 Summ           24%        N/A       7%          2
 Call Canine Familiar     Summ           12%        N/A       13%         3
 Summon Guardian Golem    Hex/Summ       7%         N/A       30%         3
 Summon Lightning Spire   Summ/Air       7%         N/A       71%         4


Dungeon Overview and Level Annotations

Branches:
Dungeon (1/15)

Altars:


Innate Abilities, Weirdness & Mutations

((You are very nimble when in or above water. (Stealth+, EV+, Speed+++)))
Your lower body shifts to a powerful aquatic tail in water.


Message History

You now have 52 gold pieces (gained 13).
Found a stone staircase leading down.
A goblin comes into view. It is wielding a +2 dagger of venom.
Casting: Summon Small Mammal (safe; 4% risk of failure)
Confirm with . or Enter, or press ? or * to list all spells.
Casting: Summon Small Mammal (safe; 4% risk of failure)
Confirm with . or Enter, or press ? or * to list all spells.
The goblin shouts!
Your bat hits the goblin.
The goblin hits your bat with a +2 dagger of venom.
Your bat dies!
Your bat's corpse disappears in a puff of smoke!
Your bat barely misses the goblin.
The goblin hits your bat with a +2 dagger of venom.
Your bat dies!
Your bat's corpse disappears in a puff of smoke!
A ball python comes into view.
Casting: Summon Small Mammal (safe; 4% risk of failure)
Confirm with . or Enter, or press ? or * to list all spells.
The ball python hisses angrily.
The goblin hits you with a +2 dagger of venom.
You are lethally poisoned!
Casting: Summon Small Mammal (safe; 4% risk of failure)
Confirm with . or Enter, or press ? or * to list all spells.
You don't have enough magic to cast this spell.
You feel very sick. The goblin attacks as you move away!
The goblin barely misses you.
You feel very sick.
Your rat closely misses the goblin.
Casting: Summon Small Mammal (safe; 4% risk of failure)
Confirm with . or Enter, or press ? or * to list all spells.
You don't have enough magic to cast this spell.
* * * LOW HITPOINT WARNING * * *
You feel sick.
Your rat barely misses the goblin.
You hit the goblin but do no damage.
The goblin is moderately wounded.
* * * LOW HITPOINT WARNING * * *
You feel sick.
The goblin hits you with a +2 dagger of venom.
You die...

###### .....# .....######
.....'....#
.....####.############
.....####.##.........###.#
................@g......>#
#.#######+##.#####r#S###...
..####.......# #...#.#
#....+.......###.#.#.#
#.####...........#.#.# #.#
#......######.#.# #.#
#......# #.#S# #.# ########
#.#.# #.# #+#


You could see a goblin (ally target), a ball python and a friendly rat
(summoned).

Vanquished Creatures (collateral kills)
  An endoplasm (D:1)
  A bat (D:1)
2 creatures vanquished.

Notes
Turn   | Place    | Note
-------+----------+-------------------------------------------
     0 | D:1      | 7w4c the Merfolk Summoner began the quest for the Orb.
     0 | D:1      | Reached XP level 1. HP: 13/13 MP: 3/3
   265 | D:1      | Slain by a goblin

Illustrated notes

Levels and vault maps discovered:
D:1:      kennysheep_arrival_seaside, layout_basic, serial_shops, shop

Action                     || total
---------------------------++-------
  Melee: Unarmed           ||     1
   Cast: Summon Small Mamm ||     7
  Dodge: Dodged            ||     3
